 Dungeon Crawl Stone Soup version 0.25-a0-166-g16436c4407 (webtiles) character file.

Game seed: 17007937283205666735, levelgen mode: deterministic

2634 1player the Destroyer (level 9, -5/70 HPs)
             Began as a Red Draconian Conjurer on Nov 24, 2019.
             Was a Believer of Qazlal.
             Killed from afar by Dowan (17 damage)
             ... with a shard of ice
             ... on level 6 of the Dungeon.
             The game lasted 00:36:53 (10606 turns).

1player the Destroyer (Red Draconian Conjurer)     Turns: 10606, Time: 00:36:53

Health: -5/70      AC:  8    Str: 10    XL:     9   Next: 35%
Magic:  1/13       EV: 13    Int: 18    God:    Qazlal [**....]
Gold:   219        SH:  8    Dex: 13    Spells: 4/14 levels left

rFire    + . .     SeeInvis .   w - +1 dagger (flame)
rCold    . . .     Gourm    .   C - +1 buckler
rNeg     . . .     Faith    .   (armour unavailable)
rPois    .         Spirit   .   (helmet restricted)
rElec    .         Reflect  .   (no cloak)
rCorr    .         Harm     .   (no gloves)
MR       .....                  x - +0 pair of boots
Stlth    ++........             (no amulet)
HPRegen  0.21/turn              (no ring)
MPRegen  0.13/turn              (no ring)

@: short of breath
A: breathe fire, unfitting armour, fire resistance 1, cold-blooded, AC +7
a: Breathe Fire, Upheaval, Renounce Religion


You were on level 6 of the Dungeon.
You worshipped Qazlal.
Qazlal was pleased with you.
You were not hungry.

You visited 2 branches of the dungeon, and saw 8 of its levels.

You collected 219 gold pieces.

Inventory:

Hand Weapons
 w - a +1 dagger of flaming (weapon)
 H - a +4 quarterstaff
Armour
 x - a +0 pair of boots (worn)
 C - a +1 buckler (worn)
Wands
 E - a wand of iceblast (7)
 G - a wand of digging (3)
 I - a wand of polymorph (15)
Scrolls
 j - a scroll of blinking
 m - a scroll of amnesia {unknown}
 o - a scroll of fog {unknown}
 q - a scroll of magic mapping {unknown}
 r - a scroll of enchant weapon {unknown}
 s - a scroll of immolation
 F - a scroll of teleportation
 K - a scroll of remove curse {@r2}
 L - 2 scrolls of enchant armour
 R - a scroll of torment {unknown}
Potions
 g - a potion of invisibility
 l - a potion of lignification
 p - a potion of agility
 v - 2 potions of mutation {!q}
 B - 3 potions of flight
 P - a potion of degeneration {unknown}
Comestibles
 e - 8 rations {!d}


   Skills:
 - Level 3.5 Fighting
 - Level 2.9 Dodging
 - Level 1.7 Stealth
 - Level 4.0 Shields
 - Level 3.1 Spellcasting
 * Level 9.4 Conjurations
 - Level 3.0 Hexes
 + Level 6.1 Invocations


You had 4 spell levels left.
You knew the following spells:

 Your Spells              Type           Power        Failure   Level  Hunger
a - Dazzling Spray        Conj/Hex       ####..       3%          3    ###....
q - Magic Dart            Conj           ####         1%          1    None
s - Iskenderun's Mystic   Conj           #####...     3%          4    ####...
z - Searing Ray           Conj           #####.       1%          2    ##.....

Your spell library contained the following spells:

 Spells                   Type           Power        Failure   Level  Hunger
 Fulminant Prism          Conj/Hex       ####......   12%         4    ####...
 Force Lance              Conj/Tloc      ###.....     22%         4    ####...


Dungeon Overview and Level Annotations

Branches:
Dungeon (7/15)             Temple (1/1) D:5

Altars:
Ashenzari
Cheibriados
Dithmenos
Elyvilon
Fedhas
Gozag
Hepliaklqana
Kikubaaqudgha
Nemelex Xobeh
Okawaru
Qazlal
Ru
Sif Muna
Trog
Vehumet
Wu Jian
Xom
Yredelemnul
Zin
The Shining One

Shops:
D:4 =

Annotations:
D:2 exclusion: downstairs
D:6 Dowan


Innate Abilities, Weirdness & Mutations

You can breathe blasts of fire.
Your fiery red scales are hard. (AC +7)
You cannot fit into any form of body armour.
Your flesh is heat resistant. (rF+)
You are cold-blooded and may be slowed by cold attacks.


Message History

The searing ray misses the bullfrog.
The searing ray hits Duvessa.
You kill Duvessa!
Qazlal accepts your kill.
Dowan screams, "No!
Oh no!"
Dowan seems to find hidden reserves of power!
Your Invocations skill increases to level 6!
The bullfrog hits you.
* * * LOW HITPOINT WARNING * * *
The bullfrog closely misses you.
The searing ray hits the bullfrog!
You kill the bullfrog!
Qazlal accepts your kill. Dowan gestures at you while chanting.
The shard of ice hits you!!
* * * LOW HITPOINT WARNING * * *
You feel better. You block Dowan's attack. Dowan barely misses you.
Dowan casts a spell at you. The shard of ice hits you!
You die...

#.#.###.###.#.####..#
#.#.# #.# #.#.# #..#
#<#.# #.# #.#.# #..#
#.#.# #.# #.#.# #..#
#.#.# #.# #..[####..###
#.#.###.#####.........##
#........####.####..#...
###.###.....>.).....####
#.# #@#####)###...## #.#
#.#####........# #.#
#.e.†)........## #.#
############.## #.# #.#
# #.# #.# # #.# #.# #
#.# #.# # #.##########
#.# #


You could see Dowan.

Vanquished Creatures
  Sigmund (D:3)
  Eustachio (D:6)
  A water moccasin (D:6)
  Duvessa (D:6)
  An ice beast (D:6)
  An orc warrior (D:5)
  A sky beast (D:7)
  A necrophage (D:7)
  An ogre (D:6)
  A phantom (D:6)
  A centaur (D:5)
  4 bullfrogs
  A water moccasin zombie (D:6)
  A howler monkey (D:2)
  2 crimson imps (D:5)
  2 bullfrog zombies (D:7)
  4 hounds
  4 orc priests
  A gnoll shaman (D:5)
  2 jellies (D:5)
  3 orc wizards
  A bullfrog skeleton (D:7)
  2 iguanas
  4 worker ants
  A hound zombie (D:5)
  Robin (D:2)
  A hound skeleton (D:6)
  A worker ant zombie (D:6)
  11 adders
  13 gnolls
  A shadow imp (D:5)
  An ooze (D:3)
  An adder skeleton (D:6)
  2 worms
  A dart slug (D:3)
  8 leopard geckos
  19 orcs
  7 giant cockroaches
  18 goblins
  18 hobgoblins
  15 jackals
  10 kobolds
  4 quokkas (D:4)
  3 ball pythons
  A bat (D:3)
  8 frilled lizards
  A quokka skeleton (D:6)
  8 rats
196 creatures vanquished.

Notes
Turn   | Place    | Note
-------+----------+-------------------------------------------
     0 | D:1      | 1player the Draconian Conjurer began the quest for the Orb.
     0 | D:1      | Reached XP level 1. HP: 14/14 MP: 3/3
   105 | D:1      | Reached skill level 1 in Fighting
   330 | D:1      | Reached XP level 2. HP: 24/24 MP: 3/5
   355 | D:1      | Learned a level 2 spell: Searing Ray
  1292 | D:2      | Noticed Robin
  1534 | D:2      | Reached XP level 3. HP: 29/29 MP: 3/6
  2055 | D:2      | Killed Robin
  2373 | D:2      | Reached XP level 4. HP: 35/36 MP: 3/8
  2435 | D:2      | Learned a level 3 spell: Dazzling Spray
  2819 | D:2      | Reached skill level 5 in Conjurations
  2961 | D:2      | Reached XP level 5. HP: 41/41 MP: 4/9
  3116 | D:2      | Reached skill level 1 in Hexes
  3220 | D:3      | Found a hazy altar of Hepliaklqana.
  3220 | D:3      | Found a white marble altar of Elyvilon.
  3250 | D:3      | Found an ancient bone altar of Kikubaaqudgha.
  3563 | D:3      | Found a sparkling altar of Nemelex Xobeh.
  3734 | D:3      | Noticed Sigmund
  3781 | D:3      | Killed Sigmund
  3781 | D:3      | Reached skill level 6 in Conjurations
  3781 | D:3      | Reached XP level 6. HP: 36/48 MP: 2/10
  5161 | D:4      | Reached skill level 1 in Shields
  5457 | D:4      | Your scales start taking on a fiery red colour.
  5457 | D:4      | Reached XP level 7. HP: 56/56 MP: 4/11
  5457 | D:4      | Gained mutation: Your flesh is heat resistant. (rF+) [Red
                  | Draconian growth]
  5626 | D:4      | Found a shattered altar of Ashenzari.
  5652 | D:4      | Found Ysunom's Jewellery Shop.
  6081 | D:5      | Entered Level 5 of the Dungeon
  6176 | D:5      | Found a glowing golden altar of the Shining One.
  6575 | D:5      | Found a staircase to the Ecumenical Temple.
  6587 | Temple   | Entered the Ecumenical Temple
  6732 | Temple   | Became a worshipper of Qazlal Stormbringer
  7022 | D:5      | Reached skill level 1 in Invocations
  7341 | D:5      | Found a basalt altar of Yredelemnul.
  7353 | D:5      | Found a bloodstained altar of Trog.
  7997 | D:5      | Reached * piety under Qazlal
  8010 | D:5      | Reached XP level 8. HP: 57/63 MP: 0/12
  8922 | D:6      | Found the +8 longbow "Zephyr" {speed, Dex+3 SInv}
  8978 | D:6      | Reached skill level 7 in Conjurations
  9207 | D:6      | Noticed Eustachio
  9234 | D:6      | Killed Eustachio
  9288 | D:6      | Reached skill level 8 in Conjurations
  9571 | D:6      | Reached skill level 5 in Invocations
 10064 | D:7      | Reached XP level 9. HP: 70/70 MP: 9/13
 10139 | D:7      | Found a snail-covered altar of Cheibriados.
 10154 | D:7      | Reached ** piety under Qazlal
 10312 | D:7      | Reached skill level 9 in Conjurations
 10318 | D:7      | Learned a level 4 spell: Iskenderun's Mystic Blast
 10399 | D:7      | Noticed Duvessa
 10416 | D:7      | Noticed Dowan
 10601 | D:6      | Killed Duvessa
 10606 | D:6      | Killed from afar by Dowan

Levels and vault maps discovered:
D:1:      saegor_arrival_under_anarchy, layout_basic, hangedman_decor_riveting,
          grunt_decor_arrowhead
D:2:      cheibrodos_old_hovel, layout_basic, first_ration,
          minmay_misc_feat_pillars, uniq_robin
D:3:      minmay_evil_eye, layout_loops_ring,
          chequers_temple_overflow_statue_of_worship,
          nemelex_xobeh_ov_fountains_minmay, uniq_sigmund
D:4:      layout_loops_ring, serial_shops,
          nicolae_shop_competitors_out_of_business, ashenzari_altar_1
D:5:      corexii_shantytown, layout_basic, tso_oasis_becter,
          grunt_temple_overflow_open, minmay_temple_entry_stoned_glass,
          mrwooster_statue_mirror
D:6:      layout_loops_ring, uniq_eustachio
D:7:      layout_cave_pools, overflow_temple_1_default, serial_rivers,
          chequers_serial_rivers_micro_c, chequers_serial_rivers_micro_e,
          chequers_serial_rivers_small_b, chequers_serial_rivers_micro_b,
          chequers_serial_rivers_small_a, uniq_duvessa, uniq_menkaure
Temple:   minmay_temple_bridge_abc

Skill      XL: |  1  2  3  4  5  6  7  8  9 |
---------------+----------------------------+-----
Fighting       | 1 2 3 |  3.5
Spellcasting   | 3 |  3.1
Conjurations   | 5 6 8 9 |  9.4
Hexes          | 2 3 |  3.0
Dodging        | 2 |  2.9
Shields        | 2 4 |  4.0
Invocations    | 2 5 6 |  6.1
Stealth        | |  1.7

Action                   |  1- 3 |  4- 6 |  7- 9 || total
-------------------------+-------+-------+-------++-------
Melee: Short sword       |    10 |       |       ||    10
       Dagger            |     9 |     7 |   103 ||   119
       Tailslap          |       |     2 |    11 ||    13
       Unarmed           |       |       |    11 ||    11
 Cast: Magic Dart        |    66 |    81 |   115 ||   262
       Searing Ray       |     8 |    21 |    45 ||    74
       Dazzling Spray    |       |     1 |     3 ||     4
       Iskenderun's Myst |       |       |     1 ||     1
 Abil: Breathe Fire      |       |       |    26 ||    26
  Use: Potion            |       |     2 |     6 ||     8
       Scroll            |       |     3 |     8 ||    11
 Stab: Sleeping          |       |     1 |     1 ||     2
  Eat: Chunk             |     2 |     7 |    11 ||    20
       Ration            |     1 |     1 |     4 ||     6
Armor: Skin              |     8 |    23 |    98 ||   129
Dodge: Dodged            |    32 |    22 |   139 ||   193
Block: Buckler           |       |       |    80 ||    80
       Other             |       |       |     4 ||     4

Table legend:
 A = Non-vault XP
 B = Vault XP
 C = Vault XP percentage of total XP
 D = Non-vault monster count
 E = Vault monster count
 F = Vault count percentage of total count
                 A         B        C        D         E       F
            +---------+---------+-------+---------+---------+-------
      Total |    3033 |     731 |  19.4 |     152 |      44 |  22.4
            +---------+---------+-------+---------+---------+-------
        D:1 |      28 |       0 |   0.0 |      16 |       0 |   0.0
        D:2 |     143 |      39 |  21.4 |      23 |      12 |  34.3
        D:3 |     164 |     244 |  59.8 |      29 |       5 |  14.7
        D:4 |     218 |       0 |   0.0 |      19 |       0 |   0.0
        D:5 |     721 |     115 |  13.8 |      27 |      25 |  48.1
        D:6 |    1039 |     333 |  24.3 |      25 |       2 |   7.4
        D:7 |     720 |       0 |   0.0 |      13 |       0 |   0.0
            +---------+---------+-------+---------+---------+-------
